 Dungeon Crawl Stone Soup version 0.29.1-12-g30fa7ad0bf (webtiles) character file.

Game seed: 12104116185058301092

205 sanboga the Chopper (level 5, -2/47 HPs)
             Began as a Minotaur Monk on Jan 5, 2023.
             Slain by a gnoll
             ... wielding a +0 halberd
             ... led by a gnoll bouda
              (8 damage)
             ... on level 4 of the Dungeon.
             The game lasted 00:03:13 (3089 turns).

sanboga the Chopper (Minotaur Monk)                 Turns: 3089, Time: 00:03:13

Health: -2/47      AC: 10    Str: 18    XL:     5   Next: 53%
Magic:  4/4        EV:  8    Int: 12    God:
Gold:   139        SH:  0    Dex: 12    Spells: 4/4 levels left

rFire   . . .      SeeInvis +   b - +4 rapier of the Messenger {vamp, Fragile Int+5 SInv}
rCold   . . .      Faith    .   (no shield)
rNeg    . . .      Spirit   .   c - +0 chain mail
rPois   .          Reflect  .   (helmet restricted)
rElec   .          Harm     .   (no cloak)
rCorr   .          Rampage  .   (no gloves)
Will    .....                   h - +0 pair of boots
Stlth   ..........              (no amulet)
HPRegen 0.15/turn               (no ring)
MPRegen 0.09/turn               (no ring)

@: no status effects
A: horns 2, retaliatory headbutt
a: no special abilities


You were on level 4 of the Dungeon.
You visited 1 branch of the dungeon, and saw 4 of its levels.

You collected 139 gold pieces.

Inventory:

Hand Weapons
 a - a +0 hand axe
 b - the +4 rapier of the Messenger (weapon) {vamp, Fragile Int+5 SInv}
   (You found it on level 3 of the Dungeon)

   It occasionally heals its wielder for a portion of the damage dealt when it
   wounds a living foe.
   Int:       It affects your intelligence (+5).
   SInv:      It lets you see invisible.
   Fragile:   It will be destroyed if unequipped.
Armour
 c - a +0 chain mail (worn)
 h - a +0 pair of boots (worn)
Scrolls
 d - a scroll of vulnerability {unknown}
 e - a scroll of enchant armour {unknown}
 f - 2 scrolls of identify {unknown}
 i - 2 scrolls of magic mapping
 j - a scroll of fog {unknown}
 m - a scroll of brand weapon {unknown}
 o - 2 scrolls of blinking {unknown}
 p - 2 scrolls of teleportation {unknown}
Potions
 g - 4 potions of curing
 k - a potion of might {unknown}
 l - a potion of resistance {unknown}
 n - a potion of attraction {unknown}


   Skills:
 + Level 4.9 Fighting
 * Level 6.0 Axes
 + Level 3.0 Armour
 - Level 3.2 Dodging
 - Level 1.5 Stealth


You had 4 spell levels left.
You didn't know any spells.
Your spell library contained the following spells:

 Spells                   Type           Power      Damage    Failure   Level
 Apportation              Tloc           0%         N/A       99%         1
 Alistair's Intoxication  Tmut/Pois      0%         N/A       100%        5


Dungeon Overview and Level Annotations

Branches:
Dungeon (4/15)
 Temple: D:4-7

Altars:
Makhleb

Shops:
D:3 :


Innate Abilities, Weirdness & Mutations

You have a pair of horns on your head.
You reflexively headbutt those who attack you in melee.


Message History

The gnoll barely misses you.
You hit the scorpion.
The scorpion is heavily wounded.
The scorpion stings you but does no damage. x2
The gnoll hits you but does no damage.
You hit the scorpion but do no damage.
The scorpion is heavily wounded.
The gnoll is no longer moving quickly.
The scorpion stings you. The gnoll barely misses you.
You hit the scorpion.
You headbutt the scorpion, but do no damage.
The scorpion is severely wounded.
The scorpion stings you.
The gnoll hits you from afar with a +0 halberd!
The scorpion stings you but does no damage.
You are too injured to fight recklessly!
You hit the scorpion.
The scorpion is almost dead.
The gnoll hits you but does no damage.
The scorpion stings you but does no damage.
You are too injured to fight recklessly!
You hit the scorpion but do no damage.
The scorpion is almost dead.
The scorpion stings you but does no damage.
The gnoll hits you from afar with a +0 halberd!
* * * LOW HITPOINT WARNING * * *
The scorpion stings you but does no damage.
The gnoll barely misses you.
You are too injured to fight recklessly!
You hit the scorpion.
You feel better.
The scorpion is almost dead.
The scorpion stings you.
* * * LOW HITPOINT WARNING * * *
The gnoll hits you but does no damage.
You barely miss the scorpion.
You headbutt the scorpion, but do no damage.
The scorpion is almost dead.
The scorpion barely misses you.
The gnoll hits you from afar with a +0 halberd!
You die...

##### #...#
###...###
#.......####
#..........#
#.......##.#
##.######...####.#
..[..gs@....# #.#
## ##.##########
#.## ... #..#
#####.. ##.#
...... #.# ##..#
#.# ....#.#.
####.#### .†......
#.......# ....#..#
#.##.##.#


You could see a scorpion and a gnoll.

Vanquished Creatures
  The ghost of plinko the Trooper, a weakling DsFi (D:3)
  A gnoll bouda (D:4)
  The ghost of Taurus the Trooper, a weakling MiFi (D:3)
  6 adders
  A gnoll (D:4)
  A worm (D:4)
  5 orcs (D:3)
  6 bats
  2 endoplasms (D:1)
  2 giant cockroaches
  5 goblins
  2 hobgoblins (D:1)
  2 jackals (D:2)
  3 kobolds
  2 quokkas (D:4)
  5 ball pythons
  3 rats
48 creatures vanquished.

Vanquished Creatures (others)
  2 withered plants (D:3)
2 creatures vanquished.

Grand Total: 50 creatures vanquished

Notes
Turn   | Place    | Note
-------+----------+-------------------------------------------
     0 | D:1      | sanboga the Minotaur Monk began the quest for the Orb.
     0 | D:1      | Reached XP level 1. HP: 19/19 MP: 0/0
   265 | D:1      | Reached skill level 4 in Axes
   265 | D:1      | Reached XP level 2. HP: 27/27 MP: 1/1
   423 | D:1      | Reached skill level 1 in Armour
   705 | D:2      | Reached XP level 3. HP: 25/33 MP: 2/2
  1574 | D:3      | Found a burning altar of Makhleb.
  1574 | D:3      | Noticed an Executioner
  1634 | D:3      | Found a runed translucent gate.
  1666 | D:3      | Reached XP level 4. HP: 33/40 MP: 3/3
  1669 | D:3      | Reached skill level 5 in Axes
  1669 | D:3      | Found a runed translucent gate.
  1670 | D:3      | Found a runed translucent gate.
  1702 | D:3      | Noticed Taurus's ghost (weakling MiFi)
  1704 | D:3      | Noticed plinko's ghost (weakling DsFi)
  1787 | D:3      | Killed plinko's ghost
  1803 | D:3      | Killed Taurus's ghost
  1804 | D:3      | Reached XP level 5. HP: 12/47 MP: 4/4
  2113 | D:3      | Identified the +4 rapier of the Messenger {vamp, Fragile
                  | Int+5 SInv}
  2299 | D:3      | Found Wizexiti's Book Shoppe.
  3080 | D:4      | Reached skill level 6 in Axes
  3089 | D:4      | Slain by a gnoll

Illustrated notes

Levels and vault maps discovered:
D:1:      minmay_arrival_checkered_box, layout_rooms
D:2:      layout_rooms, minivault_24
D:3:      layout_basic, makhleb_altar_promises_db, gammafunk_ghost_cemetery,
          serial_shops, nicolae_shop_temple_entry_statues_fountains
D:4:      layout_loops_cross

Skill      XL: |  1  2  3  4  5 |
---------------+----------------+-----
Axes           | 4 5 6 |  6.0
Armour         | 1 2 3 |  3.0
Fighting       | 4 |  4.9
Dodging        | |  3.2
Stealth        | |  1.5

Action                   |  1- 3 |  4- 6 || total
-------------------------+-------+-------++-------
Melee: Hand axe          |    94 |    31 ||   125
       Headbutt          |    13 |    15 ||    28
       Rapier            |       |    44 ||    44
  Use: Potion            |     3 |     2 ||     5
       Scroll            |       |     2 ||     2
 Stab: Sleeping          |     4 |       ||     4
Armor: Robe              |    22 |       ||    22
       Chain mail        |       |    53 ||    53
Dodge: Dodged            |    70 |    27 ||    97
